 Dungeon Crawl Stone Soup version 0.23-a0-85-g22930c1 (webtiles) character file.

20 Amnesiac the Bolt Thrower (level 2, -1/22 HPs)
             Began as a Mummy Wanderer on Aug 13, 2018.
             Slain by a kobold
             ... wielding a +0 club
              (3 damage)
             ... on level 1 of the Dungeon on Aug 14, 2018.
             The game lasted 00:00:41 (214 turns).

Amnesiac the Bolt Thrower (Mummy Wanderer)           Turns: 214, Time: 00:00:42

Health: -1/22      AC:  5    Str: 14    XL:     2   Next: 58%
Magic:  2/2        EV:  7    Int: 11    God:
Gold:   0          SH:  7    Dex: 12    Spells: 1/1 levels left

rFire    x . .     SeeInvis .   b - +0 hand crossbow
rCold    + . .     Gourm    .   e - +0 shield
rNeg     + + +     Faith    .   d - +0 ring mail
rPois    ∞         Spirit   .   (no helmet)
rElec    .         Reflect  .   (no cloak)
rCorr    .         Harm     .   (no gloves)
MR       .....                  (no boots)
Stlth    +.........             (no amulet)
HPRegen  0.07/turn              (no ring)
MPRegen  0.08/turn              (no ring)

@: no status effects
A: no food or potions, fire vulnerability, cold resistance 1, negative energy
resistance 3, torment resistance, unbreathing
a: no special abilities


You were on level 1 of the Dungeon.
You were not hungry.

You visited 1 branch of the dungeon, and saw 2 of its levels.

Inventory:

Hand Weapons
 b - a +0 hand crossbow (weapon)
Missiles
 c - 10 bolts (quivered)
Armour
 d - a +0 ring mail (worn)
 e - a +0 shield (worn)
Wands
 a - a wand of flame (15)


   Skills:
 - Level 2.0 Fighting
   Level 1.0 Short Blades
 + Level 3.2 Crossbows
 - Level 1.5 Armour
 - Level 1.0 Shields
 - Level 1.0 Evocations


You had one spell level left.
You didn't know any spells.
Your spell library was empty.

Dungeon Overview and Level Annotations

Branches:
Dungeon (2/15)

Altars:


Innate Abilities, Weirdness & Mutations

You do not eat or drink.
Your flesh is vulnerable to fire.
You are immune to poison.
Your flesh is cold resistant. (rC+)
You are immune to negative energy. (rN+++)
You are immune to unholy pain and torment.
You can survive without breathing.


Message History

Press: ? - help, Shift-Dir - straight line, f - ooze
Aim: an ooze You shoot a bolt.
The bolt hits the ooze.
The ooze is moderately wounded.
The ooze hits you but does no damage. The ooze closely misses you.
The kobold hits you but does no damage.
Firing (i - inventory)
c - 17 bolts (quivered)
Press: ? - help, Shift-Dir - straight line, f/p - ooze
Aim: an ooze (moderately wounded)
You shoot a bolt. The bolt hits the ooze!
You kill the ooze!
The leopard gecko barely misses you. The kobold hits you but does no damage.
Firing (i - inventory)
c - 16 bolts (quivered)
Press: ? - help, Shift-Dir - straight line, f - leopard gecko
Aim: a leopard gecko (clinging)
You shoot a bolt. The bolt misses the leopard gecko.
The leopard gecko bites you but does no damage.
The kobold barely misses you.
Firing (i - inventory)
c - 15 bolts (quivered)
Press: ? - help, Shift-Dir - straight line, f/p - leopard gecko
Aim: a leopard gecko (clinging)
You shoot a bolt. The bolt hits the kobold.
The kobold is moderately wounded.
The leopard gecko closely misses you. The kobold hits you but does no damage.
The frilled lizard bites you. The leopard gecko barely misses you.
The kobold barely misses you.
Firing (i - inventory)
c - 14 bolts (quivered)
Press: ? - help, Shift-Dir - straight line, f/p - kobold
Aim: a kobold, wielding a club (moderately wounded)
You shoot a bolt. The bolt barely misses the kobold.
The frilled lizard bites you but does no damage.
You block the leopard gecko's attack. The kobold hits you with a club.
* * * LOW HITPOINT WARNING * * *
The frilled lizard bites you.
* * * LOW HITPOINT WARNING * * *
The leopard gecko bites you.
* * * LOW HITPOINT WARNING * * *
You block the leopard gecko's attack.
The leopard gecko bites you but does no damage.
The frilled lizard hisses.
The leopard gecko barely misses you.
You see here a frilled lizard skeleton.
Things that are here:
a leopard gecko corpse; a jackal corpse You are too injured to fight recklessly!
Firing (i - inventory)
c - 13 bolts (quivered)
Press: ? - help, Shift-Dir - straight line, f/p - kobold
Aim: a kobold, wielding a club (moderately wounded)
You shoot a bolt. The bolt hits the leopard gecko.
You kill the leopard gecko!
You block the frilled lizard's attack.
Firing (i - inventory)
c - 12 bolts (quivered)
Press: ? - help, Shift-Dir - straight line, f/p - kobold
Aim: a kobold, wielding a club (moderately wounded)
You shoot a bolt. The bolt hits the frilled lizard.
You kill the frilled lizard!
The kobold hits you with a club.
* * * LOW HITPOINT WARNING * * *
Firing (i - inventory)
c - 11 bolts (quivered)
Press: ? - help, Shift-Dir - straight line, f/p - kobold
Aim: a kobold, wielding a club (moderately wounded)
You shoot a bolt. The bolt barely misses the kobold.
The kobold hits you with a club.
You die...

#.# #.# #..# #.#
...## #.# .... #.#
...# ##### #.#
...#####8<8#####.#
...##.........##.#
.l.#8.........8#@#
l..#...........#K#
...#8.........8#†#
...##.........##÷#
....(............#
....(..........>.#
.##############..#
.# #.(# .#
#..########


You could see a kobold.

Vanquished Creatures
  An ooze (D:1)
  A dart slug (D:1)
  2 leopard geckos (D:1)
  A giant cockroach (D:1)
  3 jackals (D:1)
  A bat (D:1)
  3 frilled lizards (D:1)
12 creatures vanquished.

Notes
Turn   | Place    | Note
-------+----------+-------------------------------------------
     0 | D:1      | Amnesiac the Mummy Wanderer began the quest for the Orb.
     0 | D:1      | Amnesiac set off with: a wand of flame (15), a +0 hand crossbow, 25 bolts, a +0 ring mail
     0 | D:1      | Reached XP level 1. HP: 16/16 MP: 1/1
   152 | D:1      | Reached XP level 2. HP: 13/22 MP: 2/2
   157 | D:1      | Reached skill level 3 in Crossbows
   214 | D:1      | Slain by a kobold

Vault maps used:
D:1:      mrwooster_arrival_statue_2, serial_forest, infiniplex_forest_end_3,
          infiniplex_forest_straight_3, infiniplex_forest_clump_curved,
          infiniplex_forest_clump_long, infiniplex_forest_lined_2,
          infiniplex_forest_clump_long, minmay_unequal
D:2:      first_ration

Skill      XL: |  1  2 |
---------------+-------+-----
Crossbows      | 3 |  3.2
Fighting       | |  2.0
Short Blades   | |  1.0
Armour         | |  1.5
Shields        | |  1.0
Evocations     | |  1.0

Action                   || total
-------------------------++-------
 Fire: Hand crossbow     ||    29
Armor: Ring mail         ||    31
Dodge: Dodged            ||    31
Block: Shield            ||    16

Table legend:
 A = Non-vault XP
 B = Vault XP
 C = Vault XP percentage of total XP
 D = Non-vault monster count
 E = Vault monster count
 F = Vault count percentage of total count
 G = Total turns spent on level
                 A         B        C        D         E       F
            +---------+---------+-------+---------+---------+-------
      Total |      29 |       0 |   0.0 |      12 |       0 |   0.0
            +---------+---------+-------+---------+---------+-------
        D:1 |      29 |       0 |   0.0 |      12 |       0 |   0.0
            +---------+---------+-------+---------+---------+-------
